[Event "Live Chess"]
[Site "Chess.com"]
[Date "2023.05.21"]
[Round "-"]
[White "Mechhead7"]
[Black "lateforthesky"]
[Result "0-1"]
[WhiteElo "1772"]
[BlackElo "2087"]
[TimeControl "300"]
[EndTime "8:39:14 PDT"]
[Termination "lateforthesky won by resignation"]

1. e4 c5 2. Nf3 Nf6 3. d3 d6 4. Be2 g6 5. c3 Bg7 6. Nbd2 Nc6 7. O-O O-O 8. Re1 e5 9. h3 Re8 10. a4 d5 11. Qc2 b6 12. Bf1 Bb7 13. exd5 Nxd5 14.
Nc4 Qc7 15. Bg5 f6 16. Bh4 Rad8 17. Rad1 g5 18. Bg3 Nf4 19. Qb3 Kh8 20. Ne3 Na5 21.
Qc2 Bxf3 22. gxf3 Qd7 23. Bxf4 exf4 24. Nc4 Rxe1 25. Rxe1 Nxc4 26. dxc4 h5 27. Kg2 Kg8 28. Qe4 Qd2 29. Qe6+ Kh8 30. Qe7 Qd7 31. Qxd7 Rxd7 32. Re8+ Kh7 33. Ra8 Kg6 34. b4 f5 35. bxc5 bxc5 36.
Rc8 Bxc3 37. Rxc5 Bd4 38. Rc6+ Kg7 39. Bd3 Bxf2 40. Bxf5 Rd2 41. Rc7+ Kf6 42. Be4 Bb6+ 0-1

[Event "Live Chess"]
[Site "Chess.com"]
[Date "2023.05.21"]
[Round "-"]
[White "Duke_of_Bebington"]
[Black "alexlines8"]
[Result "1-0"]
[WhiteElo "1556"]
[BlackElo "1253"]
[TimeControl "300"]
[EndTime "8:39:18 PDT"]
[Termination "Duke_of_Bebington won by checkmate"]

1. e4 c6 2. d4 d5 3. e5 Bf5 4. g4 Bg6 5. h4 h6 6. h5 Bh7 7. e6 fxe6 8. Bd3 Nf6 9. Bxh7 Rxh7 10. Qd3 Nbd7 11. Qg6# 1-0

[Event "Live Chess"]
[Site "Chess.com"]
[Date "2023.05.21"]
[Round "-"]
[White "LordBenin"]
[Black "ZackirtyChess"]
[Result "0-1"]
[WhiteElo "1388"]
[BlackElo "1175"]
[TimeControl "300"]
[EndTime "8:39:21 PDT"]
[Termination "ZackirtyChess won by resignation"]

1. d4 e5 2. d5 c6 3. dxc6 Nxc6 4. Nc3 Nf6 5. g3 Bb4 6. Bd2 d5 7. Bg2 d4 8. Ne4 Nxe4 9. Bxe4 Bxd2+ 10. Qxd2 Qb6 11.
b3 Be6 12. Nf3 O-O 13. Bxc6 Qxc6 14. O-O Bd5 15. Nxe5 Qe6 16. Qxd4 f6 17. Nf3 Rfd8 18. Qf4 Qxe2 19. Nd4 Qe4 20. Qxe4 Bxe4 21. c3 Rac8 22. Rac1 a6 23. Rfd1 b5 24. Ne2 b4 25. c4 Bf3 26.
Re1 Rd2 27. Nf4 Rxa2 28. Re7 Rd8 29. Nh5 g6 30. Nxf6+ Kf8 31. Rd7 Rxd7 32. Nxd7+ Ke7 33. Ne5 Bb7 34. Re1 Ke8 35. Nxg6+ Kf7 36. Nf4 Rb2 37.
Re3 Rb1+ 0-1

[Event "Live Chess"]
[Site "Chess.com"]
[Date "2023.05.21"]
[Round "-"]
[White "BillythekidFellowes"]
[Black "Alfiedog12"]
[Result "1-0"]
[WhiteElo "2132"]
[BlackElo "870"]
[TimeControl "300"]
[EndTime "8:39:21 PDT"]
[Termination "BillythekidFellowes won by resignation"]

1. e4 c6 2. Nc3 d5 3. exd5 cxd5 4. d4 Bf5 5. Nf3 e6 6. Bd3 Bg6 7. Qe2 Nf6 8. Bxg6 hxg6 9. Ne5 Nbd7 10. Qb5 Qb6 11. Nxd7 Nxd7 12. a4 Be7 13. O-O Qc7 14. g3 Bf6 15. Bf4 e5 16. Nxd5 Qxc2 17. dxe5 Be7 18. Rac1 Qe4 19. Rc7 Qf5 20. Rfc1 Qh3 21.
g4 Qxg4+ 22. Bg3 Bh4 23. Ne3 Qe6 24. Rc8+ Rxc8 25. Rxc8+ Bd8 26. Nd5 a6 27. Nc7+ Ke7 28. Qb4+ 1-0

[Event "Live Chess"]
[Site "Chess.com"]
[Date "2023.05.21"]
[Round "-"]
[White "Ferrarifan27"]
[Black "yarek"]
[Result "1-0"]
[WhiteElo "2057"]
[BlackElo "1859"]
[TimeControl "300"]
[EndTime "8:39:23 PDT"]
[Termination "Ferrarifan27 won on time"]

1. e4 g6 2. d4 Bg7 3. Nf3 c6 4. Nc3 d6 5. Bd3 d5 6. O-O Bg4 7. h3 Bxf3 8. Qxf3 e6 9. exd5 cxd5 10. Re1 Ne7 11. Bg5 O-O 12. Nxd5 Qxd5 13. Bxe7 Qxf3 14. gxf3 Re8 15. Bc5 Nd7 16. c3 Nxc5 17. dxc5 Red8 18. Rad1 Rac8 19. Be4 Rxd1 20. Rxd1 Rxc5 21. Rd8+ Bf8 22. Kf1 Rb5 23. b3 b6 24. Ra8 a5 25. Rb8 Rh5 26.
Kg2 b5 27. f4 Kg7 28. Bc6 Rc5 29. Bxb5 Rxc3 30. Ra8 Bb4 31. Bc4 Rc2 32. Ra7 Kf6 33.
a3 Rxf2+ 34. Kg3 Be1 35. a4 h5 36. Bb5 Rb2+ 37. Kf3 Rxb3+ 38. Ke2 Bb4 39. Be8 Rb2+ 40.
Kf3 Rb3+ 41. Ke4 Be7 42. Rxa5 Rxh3 43. Ra7 Rb3 44. a5 h4 45. Ra8 h3 46. Bc6 h2 47. Rh8 Ra3 48. Rxh2 Rxa5 49. Be8 Bf8 50.
Rh7 Bg7 51. Bc6 Rc5 52. Be8 Rc4+ 53. Kf3 Rb4 54. Bc6 Rb3+ 55. Kg4 Rb1 56. Bg2 Rg1 57.
Kf3 Rc1 58. Bh3 Rc3+ 59. Kg4 Rc4 60. Bg2 Rc3 61. Bf3 Rc1 62. Rh3 Rc3 63. Rh7 Rc1 64.
Rxg7 1-0

[Event "Live Chess"]
[Site "Chess.com"]
[Date "2023.05.21"]
[Round "-"]
[White "Rusty_Bridges"]
[Black "Mugzwang"]
[Result "1-0"]
[WhiteElo "1530"]
[BlackElo "1437"]
[TimeControl "300"]
[EndTime "8:39:25 PDT"]
[Termination "Rusty_Bridges won by checkmate"]

1. e4 e6 2. f4 d5 3. exd5 Qxd5 4.
Nf3 Nf6 5. Nc3 Qd8 6. d4 Bb4 7. Bd2 O-O 8. Bd3 Nc6 9. Ne2 Bxd2+ 10. Qxd2 Qe7 11. O-O Nb4 12. c3 Nxd3 13. Qxd3 b6 14. Ne5 Bb7 15. Ng3 Nd7 16. Rae1 Rad8 17. Ne4 Nxe5 18.
fxe5 c5 19. Nd6 Bd5 20. b3 Qg5 21. Rf2 f6 22. c4 Ba8 23. Qh3 fxe5 24. Qxe6+ Kh8 25.
d5 Rxf2 26. Kxf2 Rf8+ 27. Kg1 Qd2 28. Nf7+ Rxf7 29. Qe8+ Rf8 30. Qxf8# 1-0

[Event "Live Chess"]
[Site "Chess.com"]
[Date "2023.05.21"]
[Round "-"]
[White "domrobson"]
[Black "AttackingSnowLeopard"]
[Result "0-1"]
[WhiteElo "1806"]
[BlackElo "2168"]
[TimeControl "300"]
[EndTime "8:39:31 PDT"]
[Termination "AttackingSnowLeopard won by resignation"]

1. d4 d5 2. c4 c6 3. Nf3 Nf6 4. Nc3 dxc4 5. e4 b5 6. e5 Nd5 7. Ne4 e6 8. Nc5 Bxc5 9. dxc5 O-O 10. Qc2 Nd7 11. b4 cxb3 12. axb3 Qc7 13. Bb2 a5 14. Bd3 h6 15. O-O Nb4 16. Qe2 Nxd3 17. Qxd3 Nxc5 18. Qc2 Nd7 19. Rfe1 Bb7 20. Rac1 c5 21. Nd4 Qb6 22. Nf3 Bxf3 23. gxf3 Rac8 24. Red1 Nb8 25. Qe4 c4 26. bxc4 Rxc4 27. Rxc4 bxc4 28. Bd4 Qc6 29. Qxc6 Nxc6 30. Bc3 Nb4 31. Rd4 Rc8 32. Kf1 Kh7 33. Ke2 Kg6 34. Kd2 Kf5 35. Kc1 Na2+ 36. Kb2 Nxc3 37.
Kxc3 Kxe5 38. Rd7 Kf6 39. Rxf7+ 0-1

[Event "Live Chess"]
[Site "Chess.com"]
[Date "2023.05.21"]
[Round "-"]
[White "MarkLim1"]
[Black "Dhaydon19"]
[Result "0-1"]
[WhiteElo "1711"]
[BlackElo "2689"]
[TimeControl "300"]
[EndTime "8:39:37 PDT"]
[Termination "Dhaydon19 won by resignation"]

1. e4 c6 2. d4 d5 3. exd5 cxd5 4. Bd3 Nc6 5. c3 Nf6 6. Bf4 g6 7. Nd2 Bf5 8. Bxf5 gxf5 9. Ngf3 e6 10. O-O Bd6 11.
Bxd6 Qxd6 12. Re1 O-O-O 13. Ne5 Qc7 14. Ndf3 Rhg8 15. Qe2 Ng4 16. h3 Ngxe5 17. Nxe5 Rg7 18. a4 Rdg8 19. g3 f4 20. g4 h5 21. f3 hxg4 22.
fxg4 Rh7 23. Kh2 f6 24. Nxc6 f3+ 0-1

[Event "Live Chess"]
[Site "Chess.com"]
[Date "2023.05.21"]
[Round "-"]
[White "Ed_Knox"]
[Black "onemoretime1975"]
[Result "0-1"]
[WhiteElo "1473"]
[BlackElo "1836"]
[TimeControl "300"]
[EndTime "8:40:10 PDT"]
[Termination "onemoretime1975 won by checkmate"]

1. d4 d5 2. Bf4 e6 3. e3 Bd6 4. Bxd6 Qxd6 5. f4 f5 6. Nf3 Nf6 7. Nbd2 Ne4 8. Bd3 Nxd2 9. Nxd2 O-O 10.
Qf3 Bd7 11. O-O-O b5 12. h4 b4 13. g4 g6 14. h5 a5 15. hxg6 hxg6 16. Qh3 Kf7 17.
Qh7+ Ke8 18. Qxg6+ Kd8 19. g5 a4 20. Rh8 b3 21.
Qf6+ Ke8 22. cxb3 axb3 23. axb3 Ra1+ 24. Nb1 Nc6 25. Qg6+ Kd8 26. Rdh1 Nb4 27. Qf6+ Kc8 28.
Rxf8+ Kb7 29. Rd1 Qc6+ 30. Kd2 Nxd3 31. Kxd3 Qa6+ 32. Kc2 Qe2+ 33. Rd2 Qxe3 34. Qd8 Qe4+ 35. Kc3 Qe3+ 36. Kc2 Qe4+ 37. Kc1 Rxb1# 0-1

[Event "Live Chess"]
[Site "Chess.com"]
[Date "2023.05.21"]
[Round "-"]
[White "Olisingapore"]
[Black "Crowded_House"]
[Result "0-1"]
[WhiteElo "1809"]
[BlackElo "1621"]
[TimeControl "300"]
[EndTime "8:40:10 PDT"]
[Termination "Crowded_House won by resignation"]

1. d4 e6 2. c4 d5 3. Nf3 c6 4.
g3 Nf6 5. Bg2 Nbd7 6. O-O Bd6 7.
Nc3 Qc7 8. Nd2 O-O 9. e4 dxe4 10. Ndxe4 Nxe4 11. Nxe4 Be7 12. Bf4 Qd8 13. Re1 Nf6 14.
Qd3 Nxe4 15. Bxe4 g6 16. Bh6 Re8 17. d5 cxd5 18. cxd5 exd5 19. Bxd5 Be6 20. Rad1 Bxd5 21. Qxd5 Qxd5 22. Rxd5 Bf8 23. Bxf8 Rxe1+ 24. Kg2 Kxf8 25.
Rd7 Rb8 26. h4 Re2 0-1

[Event "Live Chess"]
[Site "Chess.com"]
[Date "2023.05.21"]
[Round "-"]
[White "viktorskliarov"]
[Black "FlyingChessKestrel13"]
[Result "1/2-1/2"]
[WhiteElo "2627"]
[BlackElo "2073"]
[TimeControl "300"]
[EndTime "8:40:24 PDT"]
[Termination "Game drawn by agreement"]

1. e4 c6 2. d4 d5 3. e5 Bf5 4.
Nf3 e6 5. Be2 Ne7 6. O-O Nc8 7.
a4 Be7 8. c3 Nd7 9. b4 O-O 10.
Na3 f6 11. Bf4 fxe5 12. Nxe5 Nxe5 13. Bxe5 Bf6 14. Bxf6 Qxf6 15. Bf3 Nd6 16. Re1 Ne4 17. Bxe4 Bxe4 18. f3 Bf5 19. Re5 Rae8 20. Qe2 Qg6 21. Re1 Rf6 22. b5 h5 23. Qf2 Qh6 24. c4 Rd8 25. c5 h4 26. a5 a6 27. b6 Rg6 28.
Kh1 Qf4 29. Qe3 Qxe3 30. R1xe3 Kf7 31. Kg1 Rf6 32. Kf2 g5 33. h3 Kg6 34. Ke1 Kf7 35.
Kd2 Re8 36. Nc2 Bxc2 37. Kxc2 Rf5 38. Rxf5+ exf5 39. Rxe8 Kxe8 40. f4 g4 41. Kd3 Kf7 42. Ke3 Kf6 43. Kf2 g3+ 44. Kf3 Ke6 45. Ke3 Kf6 46.
Kf3 1/2-1/2

[Event "Live Chess"]
[Site "Chess.com"]
[Date "2023.05.21"]
[Round "-"]
[White "Conradical12"]
[Black "wot-not"]
[Result "0-1"]
[WhiteElo "1507"]
[BlackElo "1539"]
[TimeControl "300"]
[EndTime "8:40:37 PDT"]
[Termination "wot-not won by resignation"]

1. e4 e6 2. Nf3 d5 3. exd5 exd5 4.
d4 Nf6 5. Nc3 Bd6 6. Bg5 O-O 7. Be2 c6 8. Qd3 Nbd7 9. O-O-O Qa5 10. Rhe1 Bb4 11. Ne5 Bxc3 12. Qxc3 Qxc3 13. bxc3 Nxe5 14.
dxe5 Ne4 15. Rd3 Nxg5 16. Bh5 Ne4 17. Rf3 Be6 18. c4 b5 19. cxd5 cxd5 20. g4 Rac8 21. Rg1 Rc3 22. Rxc3 Nxc3 23. Kd2 Nxa2 24. g5 Nb4 25. g6 hxg6 26. Bxg6 fxg6 27. Rxg6 Bf5 28. Rd6 Bxc2 29. e6 Rxf2+ 30. Ke3 Rf8 31. e7 Re8 32. Rd8 Kf7 33. Ra8 Rxe7+ 0-1

[Event "Live Chess"]
[Site "Chess.com"]
[Date "2023.05.21"]
[Round "-"]
[White "Ocelot32"]
[Black "FierceFighter2000"]
[Result "1/2-1/2"]
[WhiteElo "1428"]
[BlackElo "2046"]
[TimeControl "300"]
[EndTime "8:40:49 PDT"]
[Termination "Game drawn by repetition"]

1. e4 c6 2. Nf3 d5 3. Nc3 dxe4 4. Nxe4 Nf6 5. Qe2 Nxe4 6. Qxe4 Nd7 7. Bc4 Nf6 8. Qe2 e6 9. O-O Bd6 10. d4 O-O 11.
Bd3 h6 12. Ne5 c5 13. c3 cxd4 14. cxd4 Nd7 15. Qe4 Nf6 16. Qf3 Bxe5 17. dxe5 Nd5 18. Qe4 f5 19. exf6 Nxf6 20. Qe3 Nd5 21. Qe4 Nf6 22.
Qe3 Nd5 23. Qe4 Nf6 1/2-1/2

[Event "Live Chess"]
[Site "Chess.com"]
[Date "2023.05.21"]
[Round "-"]
[White "TheSmoulderingMaster"]
[Black "SavagePawn7"]
[Result "1-0"]
[WhiteElo "1659"]
[BlackElo "775"]
[TimeControl "300"]
[EndTime "8:40:50 PDT"]
[Termination "TheSmoulderingMaster won by checkmate"]

1. e4 d5 2. exd5 Nf6 3. Bb5+ Bd7 4.
Bc4 e6 5. dxe6 Bxe6 6. Bxe6 fxe6 7. Nf3 Nc6 8. O-O Bc5 9. c3 Qe7 10. d4 Bd6 11. Bg5 O-O-O 12. Nbd2 h6 13. Bh4 g5 14.
Bg3 Rdg8 15. Nc4 g4 16. Bxd6 cxd6 17. Nfd2 h5 18. Qa4 h4 19. b4 g3 20. hxg3 hxg3 21. fxg3 Rxg3 22. b5 Qg7 23. Rf2 Ng4 24. Nxd6+ Kc7 25.
Rf7+ Qxf7 26. Nxf7 Re8 27. bxc6 b6 28. Qxa7+ Kc8 29.
Qb7# 1-0

[Event "Live Chess"]
[Site "Chess.com"]
[Date "2023.05.21"]
[Round "-"]
[White "SupremeTactician"]
[Black "chessfiction"]
[Result "0-1"]
[WhiteElo "2170"]
[BlackElo "2303"]
[TimeControl "300"]
[EndTime "8:41:14 PDT"]
[Termination "chessfiction won by resignation"]

1. e4 d6 2. d4 Nf6 3. Nc3 c6 4.
f4 Qa5 5. Bd2 e5 6. Nf3 Bg4 7.
dxe5 dxe5 8. fxe5 Nfd7 9. Be2 Nxe5 10. Nxe5 Bxe2 11. Qxe2 Qxe5 12. O-O Nd7 13. Bf4 Qe6 14. Rad1 O-O-O 15. Qf3 h6 16. Be3 Ne5 17. Qf5 Nc4 18. Rxd8+ Kxd8 19. Bxa7 Qxf5 20. exf5 b6 21. b3 Bc5+ 22.
Kh1 Ne3 23. Rf3 Kc7 24. Na4 Rd8 25. h3 Rd1+ 26. Kh2 Nf1+ 27. Rxf1 Rxf1 28. Nxc5 bxc5 29.
Bxc5 Rxf5 30. Bf8 Rf2 31. Bxg7 Rxc2 32. Bxh6 Rxa2 33. Bf8 Rb2 34. b4 Kd7 35. Kg3 Ke6 36.
h4 Kf5 37. Be7 Rb3+ 38. Kh2 Kg4 39. Bc5 Kxh4 40. Bd6 Kg4 41. Bc5 f5 42. Bd6 f4 43.
Kg1 Rb2 44. Kf1 Rc2 45. Bc7 Kf5 46. Kg1 Ke4 47. Kf1 Rd2 48. Kg1 Rd4 49. Ba5 Kd3 50. Kf2 Ke4 51. Ke2 Rd3 52. Bb6 Rb3 53. Bc5 Rb2+ 54. Kf1 f3 55. gxf3+ Kxf3 56. Ke1 Ke4 57. Kd1 Kd3 58. Kc1 Rg2 59. Be7 Kc4 60. Kd1 Kd3 61. Kc1 Kc3 62. Kd1 Rd2+ 63. Ke1 Ra2 64.
Bc5 Rb2 65. Bd6 Rxb4 66. Bxb4+ Kxb4 67. Kd2 Kb3 68. Kc1 c5 69. Kb1 c4 70. Kc1 Kc3 71.
Kd1 Kb2 0-1

[Event "Live Chess"]
[Site "Chess.com"]
[Date "2023.05.21"]
[Round "-"]
[White "CeladonFish"]
[Black "MartinWalker4"]
[Result "0-1"]
[WhiteElo "1136"]
[BlackElo "2077"]
[TimeControl "300"]
[EndTime "8:41:14 PDT"]
[Termination "MartinWalker4 won by resignation"]

1. d4 Nf6 2. c4 g6 3. Nc3 d5 4. Bf4 Bg7 5. e3 O-O 6. Nf3 c5 7. cxd5 cxd4 8. Nxd4 Nxd5 9. Nxd5 Qxd5 10. Nf3 Qxd1+ 11.
Rxd1 Bxb2 12. Bc4 Bc3+ 13. Ke2 Nc6 14. Rd3 Bf6 15. Rhd1 e5 16. Nxe5 Bxe5 17. Bxe5 Nxe5 18. Rd4 Nxc4 19. Rxc4 Be6 0-1

[Event "Live Chess"]
[Site "Chess.com"]
[Date "2023.05.21"]
[Round "-"]
[White "raminguy"]
[Black "youtookmyhorse"]
[Result "1-0"]
[WhiteElo "1925"]
[BlackElo "784"]
[TimeControl "300"]
[EndTime "8:41:18 PDT"]
[Termination "raminguy won by checkmate"]

1. d4 c6 2. Nc3 d5 3. Bf4 Bf5 4. e3 e6 5. Nf3 Bb4 6. Ne5 Bxc3+ 7. bxc3 Qa5 8. Qd2 Nf6 9. f3 O-O 10. h4 Nbd7 11. g4 Nxe5 12. dxe5 Bxg4 13. fxg4 Nxg4 14.
Rg1 Nf2 15. Kxf2 c5 16. Bh6 g6 17. Bxf8 Rxf8 18. h5 d4 19. exd4 cxd4 20. Qxd4 b6 21. h6 f5 22. Qd7 Qxc3 23. Qg7# 1-0

[Event "Live Chess"]
[Site "Chess.com"]
[Date "2023.05.21"]
[Round "-"]
[White "MarkLim1"]
[Black "AttackingSnowLeopard"]
[Result "0-1"]
[WhiteElo "1710"]
[BlackElo "2169"]
[TimeControl "300"]
[EndTime "8:41:23 PDT"]
[Termination "AttackingSnowLeopard won by resignation"]

1. d4 d5 2. Nf3 Nf6 3. c4 c6 4.
cxd5 cxd5 5. Nc3 Nc6 6. Bf4 Bf5 7. e3 e6 8. Qb3 Qb6 9. Qxb6 axb6 10. Nh4 Bg6 11.
h3 Bb4 12. Nxg6 hxg6 13. Bd3 O-O 14. O-O Bxc3 15. bxc3 Rfc8 16. Rfb1 Nd7 17. c4 dxc4 18. Bxc4 Nxd4 19. Bxe6 Nxe6 20. Rc1 Rxc1+ 0-1

[Event "Live Chess"]
[Site "Chess.com"]
[Date "2023.05.21"]
[Round "-"]
[White "manthanit"]
[Black "JohanKjeldahl"]
[Result "1/2-1/2"]
[WhiteElo "1113"]
[BlackElo "1871"]
[TimeControl "300"]
[EndTime "8:41:25 PDT"]
[Termination "Game drawn by agreement"]

1. e4 c5 2. Nf3 Nc6 3. Bc4 e6 4. d4 cxd4 5. Nxd4 a6 6. a4 Nf6 7.
Nc3 Qc7 8. Nxc6 dxc6 9. O-O Bd6 10. f4 O-O 11. e5 Bc5+ 12. Kh1 Nd5 13. Nxd5 cxd5 14.
Bd3 f5 15. exf6 Rxf6 16. b3 Bd4 17. Rb1 e5 18. fxe5 Rxf1+ 19. Bxf1 Qxe5 20. Bd3 Bd7 21. Ba3 Re8 22. Qf1 Bb6 23. Rd1 Bc7 24. g3 d4 25. Qf2 Bc6+ 26. Kg1 Qe3 27. Rf1 Bd7 28. Bc5 Qxf2+ 29. Rxf2 Re1+ 30. Rf1 Rxf1+ 31. Kxf1 Be5 1/2-1/2

[Event "Live Chess"]
[Site "Chess.com"]
[Date "2023.05.21"]
[Round "-"]
[White "KeithArkell"]
[Black "davigator"]
[Result "1-0"]
[WhiteElo "2460"]
[BlackElo "2302"]
[TimeControl "300"]
[EndTime "8:41:29 PDT"]
[Termination "KeithArkell won on time"]

1. d4 Nf6 2. Nf3 e6 3. c4 Bb4+ 4. Bd2 a5 5. g3 b6 6. Bg2 Ba6 7. b3 c6 8. O-O O-O 9. Nc3 d5 10. Ne5 Nfd7 11. Nxd7 Nxd7 12. Rc1 Rc8 13. Nb1 Be7 14. a4 f5 15. Re1 Nf6 16. Bf4 Bb4 17. Nd2 Ne4 18. f3 Nd6 19. Bxd6 Qxd6 20. Rf1 c5 21. cxd5 exd5 22. f4 c4 23. bxc4 dxc4 24.
Nf3 c3 25. Qc2 g6 26. Rcd1 Rfe8 27. Ne5 Re7 28. Rf2 Kg7 29. e3 Qe6 30. h3 Bc4 31. Rb1 Bd5 32. g4 fxg4 33. hxg4 Bxg2 34. Rxg2 Qd5 35.
Rf1 Rf8 36. f5 Rxe5 37. dxe5 Qxe5 38. Qd3 Bc5 39. Rf3 Rf6 40. Rc2 Bb4 41. Kg2 Rd6 42. Qc4 Rd2+ 43. Rf2 Qd5+ 44. Qxd5 Rxd5 45. e4 Re5 46. Kf3 g5 47. Rfe2 Kf6 48. Re3 Rc5 49.
Rd3 Ke5 50. Rd8 Rc7 51. Ke3 Bc5+ 52. Kd3 Bb4 53. Rd5+ Kf4 54. e5 Kxg4 55. e6 Re7 56.
Ke4 h5 57. Ke5 h4 58. f6 Re8 59. f7 Rf8 60. Kf6 h3 61. Rxg5+ Kf3 62. Rh2 c2 63. Rxc2 Bd6 64. Rc3+ Kf4 65. Rxh3 Rc8 66. Rf5+ Kg4 67. Rd3 1-0

[Event "Live Chess"]
[Site "Chess.com"]
[Date "2023.05.21"]
[Round "-"]
[White "Rusty_Bridges"]
[Black "domrobson"]
[Result "0-1"]
[WhiteElo "1526"]
[BlackElo "1809"]
[TimeControl "300"]
[EndTime "8:41:33 PDT"]
[Termination "domrobson won by resignation"]

1. e4 e5 2. f4 Bc5 3. Nf3 d6 4. Bc4 Nf6 5. d3 O-O 6. Nc3 a6 7. Qe2 Nc6 8. Bd2 exf4 9. Bxf4 Bg4 10. h3 Nd4 11. Qd1 Bxf3 12. gxf3 b5 13. Bb3 b4 14.
Ne2 Nxf3+ 15. Kf1 Nh5 16. Bh2 Qf6 0-1

[Event "Live Chess"]
[Site "Chess.com"]
[Date "2023.05.21"]
[Round "-"]
[White "seabuck"]
[Black "CarlsenCab"]
[Result "1-0"]
[WhiteElo "1909"]
[BlackElo "511"]
[TimeControl "300"]
[EndTime "8:41:35 PDT"]
[Termination "seabuck won by checkmate"]

1. d4 f5 2. c4 e6 3. Nc3 Nf6 4. g3 Be7 5. Bg2 O-O 6. Nh3 d6 7. O-O Nc6 8. e4 h6 9. Nf4 Qd7 10. d5 exd5 11. exd5 Nb4 12. a3 g5 13. Ng6 Re8 14.
Nxe7+ Rxe7 15. axb4 f4 16. gxf4 gxf4 17. Bxf4 Nh5 18.
Qxh5 Qg4 19. Qxg4+ Bxg4 20. Rfe1 Rae8 21. Rxe7 Rxe7 22.
f3 Bf5 23. Kf2 Bd3 24. c5 dxc5 25. bxc5 b6 26. d6 cxd6 27. cxd6 Rc7 28. dxc7 Kf7 29. c8=Q Kf6 30. Nd5+ Kf7 31. Rxa7+ Kg6 32. Qe6+ Kh5 33. Qg4# 1-0

[Event "Live Chess"]
[Site "Chess.com"]
[Date "2023.05.21"]
[Round "-"]
[White "LordBenin"]
[Black "BillythekidFellowes"]
[Result "0-1"]
[WhiteElo "1388"]
[BlackElo "2132"]
[TimeControl "300"]
[EndTime "8:41:41 PDT"]
[Termination "BillythekidFellowes won by checkmate"]

1. e4 e6 2. d4 d5 3. exd5 exd5 4. Nf3 Nf6 5. Bf4 Bd6 6. Bxd6 Qxd6 7. c3 O-O 8. h3 Re8+ 9. Be2 Qe7 10. Ng1 Bf5 11.
Nd2 Nc6 12. f3 Bd3 13. Kf2 Qe3+ 14. Kg3 Nh5+ 15. Kh2 Qf4+ 16. g3 Qxg3# 0-1

[Event "Live Chess"]
[Site "Chess.com"]
[Date "2023.05.21"]
[Round "-"]
[White "Ferrarifan27"]
[Black "luckywookie"]
[Result "1-0"]
[WhiteElo "2057"]
[BlackElo "823"]
[TimeControl "300"]
[EndTime "8:42:08 PDT"]
[Termination "Ferrarifan27 won by checkmate"]

1. e4 c6 2. d4 d5 3. e5 c5 4. dxc5 Nc6 5. a3 e6 6. b4 Nge7 7. Nf3 Nf5 8. Bb2 Be7 9. Bd3 O-O 10. O-O b6 11. cxb6 axb6 12. Nc3 Ba6 13. b5 Ncd4 14. bxa6 Nxf3+ 15. Qxf3 Nd4 16. Qh3 f6 17. Qxh7+ Kf7 18.
Bg6# 1-0

[Event "Live Chess"]
[Site "Chess.com"]
[Date "2023.05.21"]
[Round "-"]
[White "gmnorfolk"]
[Black "McSlash1"]
[Result "1-0"]
[WhiteElo "2121"]
[BlackElo "1967"]
[TimeControl "300"]
[EndTime "8:42:12 PDT"]
[Termination "gmnorfolk won by resignation"]

1. d4 Nf6 2. c4 g6 3. Nc3 d5 4.
cxd5 Nxd5 5. e4 Nxc3 6. bxc3 Bg7 7. Nf3 O-O 8. Be2 Bg4 9. O-O c5 10. Be3 Nc6 11. d5 Bxf3 12. dxc6 Bxe2 13. Qxe2 b6 14. Rfd1 Qc7 15. Qb5 Rfd8 16. Rd7 Rxd7 17. cxd7 a6 18.
Qa4 b5 19. Qa3 c4 20. Rd1 Bf8 21. Qc1 Rd8 22. Qd2 e6 23. Bg5 a5 24. Bxd8 Qxd8 25. Qd4 Be7 26. Qa7 b4 27. Qb7 Kg7 28. Qc8 b3 29. Qxc4 b2 30. Qb3 Bf6 31. Qxb2 Qc7 32. Qd2 Bd8 33. Qd4+ Kh6 34. c4 e5 35. Qd5 a4 36. c5 f5 37. exf5 gxf5 38. Qd6+ 1-0

[Event "Live Chess"]
[Site "Chess.com"]
[Date "2023.05.21"]
[Round "-"]
[White "AyannaTang"]
[Black "slava_ukr"]
[Result "0-1"]
[WhiteElo "230"]
[BlackElo "2347"]
[TimeControl "300"]
[EndTime "8:42:14 PDT"]
[Termination "slava_ukr won by checkmate"]

1. e4 e5 2. d4 exd4 3. Bf4 Nc6 4. Bc4 d6 5. Nf3 Nf6 6. Na3 Be7 7. Bb5 O-O 8. Bxc6 bxc6 9. Bg5 Nxe4 10. Bxe7 Qxe7 11.
Qxd4 Ng3+ 12. Qe3 Qxe3+ 13. fxe3 Nxh1 14. Ng1 Re8 15. O-O-O Nf2 16. Rf1 Ng4 17. Nc4 Ba6 18. Na5 Bxf1 19. Nf3 Bxg2 20. Ne1 Be4 21. c4 Nxe3 22.
Kd2 Ng2 23. Nxg2 Bxg2 24. Kd1 Bf3+ 25. Kd2 Re2+ 26. Kd3 Rae8 27. Kc3 c5 28. Nc6 R8e3# 0-1

[Event "Live Chess"]
[Site "Chess.com"]
[Date "2023.05.21"]
[Round "-"]
[White "Duke_of_Bebington"]
[Black "stevochess11"]
[Result "1-0"]
[WhiteElo "1567"]
[BlackElo "1659"]
[TimeControl "300"]
[EndTime "8:42:18 PDT"]
[Termination "Duke_of_Bebington won by checkmate"]

1. e4 c5 2. c3 g6 3. d4 cxd4 4.
cxd4 Nc6 5. d5 Ne5 6. f4 Bg7 7. fxe5 Bxe5 8. Nf3 Bg7 9. Nc3 d6 10. Bb5+ Bd7 11. Bxd7+ Qxd7 12. O-O Nf6 13. e5 dxe5 14. Nxe5 Qd6 15. Bf4 Nh5 16. Nxg6 Nxf4 17. Nxf4 Be5 18. Qa4+ Kf8 19. Ne6+ Kg8 20. Qg4+ Bg7 21. Qxg7# 1-0

[Event "Live Chess"]
[Site "Chess.com"]
[Date "2023.05.21"]
[Round "-"]
[White "OleksiyJr1"]
[Black "PiotrD11"]
[Result "0-1"]
[WhiteElo "1046"]
[BlackElo "1376"]
[TimeControl "300"]
[EndTime "8:42:33 PDT"]
[Termination "PiotrD11 won by resignation"]

1. e4 d5 2. exd5 Nf6 3. Nc3 Nxd5 4. Nxd5 Qxd5 5. Nf3 e5 6. Qe2 Nc6 7. c4 Qe6 8. Qd3 Bc5 9. Be2 Nb4 10. Qc3 Nc6 11. O-O O-O 12. Bd3 a5 13. a4 Bb4 14. Qc2 h6 15. Re1 Qf6 16. b3 Nd4 17. Nxd4 exd4 18. Bb2 b6 19. Re4 Bc5 20. Qc3 dxc3 21. Bxc3 Qxf2+ 22. Kh1 Bb7 23. Re2 Qxg2+ 24. Rxg2 Bxg2+ 25. Kxg2 Rad8 26. Bc2 Bb4 27. Be5 Rxd2+ 28. Kg3 Rxc2 0-1

[Event "Live Chess"]
[Site "Chess.com"]
[Date "2023.05.21"]
[Round "-"]
[White "yarek"]
[Black "alexlines8"]
[Result "1-0"]
[WhiteElo "1859"]
[BlackElo "1253"]
[TimeControl "300"]
[EndTime "8:42:33 PDT"]
[Termination "yarek won by resignation"]

1. e4 c6 2. d4 d5 3. exd5 cxd5 4. Bd3 Nc6 5. c3 Nf6 6. Bf4 e6 7. Nf3 Bd6 8. Ne5 Bxe5 9. dxe5 Nd7 10. Qg4 O-O 11.
Bh6 g6 12. Bxf8 Qxf8 13. f4 b6 14. O-O a5 15. Nd2 Ba6 16. Bxa6 Rxa6 17. Nf3 Nc5 18.
h4 Ne4 19. h5 b5 20. hxg6 fxg6 21. Qxe6+ 1-0

[Event "Live Chess"]
[Site "Chess.com"]
[Date "2023.05.21"]
[Round "-"]
[White "Ian-Morley"]
[Black "RichardABates"]
[Result "0-1"]
[WhiteElo "1103"]
[BlackElo "2190"]
[TimeControl "300"]
[EndTime "8:42:34 PDT"]
[Termination "RichardABates won by resignation"]

1. e4 c5 2. Nf3 d6 3. Bb5+ Bd7 4. Bxd7+ Qxd7 5. O-O Nc6 6. Re1 Nf6 7. c3 e6 8. d4 cxd4 9. cxd4 d5 10. exd5 Nxd5 11. Nc3 Be7 12. Nxd5 Qxd5 13. Ne5 O-O 14. Nxc6 Qxc6 15. Be3 Rfd8 16. Qc1 Qxc1 17. Raxc1 b6 18. Rc7 Bd6 19. Rc6 Rac8 20. Rxc8 Rxc8 21. Rc1 Rxc1+ 22.
Bxc1 Kf8 23. Kf1 h5 24. Ke2 Bxh2 25. g3 h4 26. gxh4 Ke7 27. Kf3 Bd6 28. h5 Kd7 29. h6 gxh6 30. Bxh6 Kc6 31. Ke4 f5+ 32. Kd3 Kd5 33. b3 Be7 34. Bf4 Bf6 35. Be5 Bxe5 36.
dxe5 Kxe5 37. f3 Kf4 38. Ke2 e5 39. a3 e4 40. fxe4 fxe4 41. b4 b5 42. Kf2 e3+ 43. Ke2 Ke4 44. Ke1 Kd3 45. Kd1 e2+ 46. Ke1 a6 0-1

[Event "Live Chess"]
[Site "Chess.com"]
[Date "2023.05.21"]
[Round "-"]
[White "Hussamalhaidar"]
[Black "LL220284LL"]
[Result "0-1"]
[WhiteElo "1154"]
[BlackElo "2237"]
[TimeControl "300"]
[EndTime "8:42:36 PDT"]
[Termination "LL220284LL won by resignation"]

1. b3 c5 2. Bb2 b6 3. e3 Bb7 4. Nf3 e6 5. d4 Nf6 6. Nbd2 Be7 7.
c4 O-O 8. dxc5 Bxc5 9. Qc2 d5 10.
Ng5 d4 11. exd4 Bxd4 12. Bxd4 Qxd4 13. O-O-O h6 14. Ngf3 Qa1+ 15. Nb1 Nc6 16. Kd2 Rad8+ 17. Bd3 Nb4 18. Qc3 Rxd3+ 0-1